[Event "World U20-ch22"]
[Site "Belfort"]
[Date "1983.08.14"]
[Round "3"]
[White "Dlugy, Maxim"]
[Black "Adianto, Utut"]
[Result "1/2-1/2"]
[ECO "E15"]
[WhiteElo "2450"]
[BlackElo "2385"]
[Annotator "Bulletin/Primel,D"]
[PlyCount "50"]
[EventDate "1983.08.12"]
[EventType "swiss"]
[EventRounds "13"]
[EventCountry "FRA"]
[SourceTitle "EXT 2016"]
[Source "ChessBase"]
[SourceDate "2015.10.08"]
[SourceVersion "1"]
[SourceVersionDate "2015.10.08"]
[SourceQuality "1"]
[TimeControl "40/9000:16/5400:0"]

1. d4 Nf6 2. c4 e6 3. Nf3 b6 4. g3 Ba6 5. Qa4 Bb7 6. Bg2 Be7 {c5 est la grande
ligne mais c'est probablement une simple transposition} (6... c5 {Dlugy,M 
(2455)-Saeed,S (2390) 22th Wch U20 1983 (11) 1-0}) 7. O-O O-O 8. Nc3 c5 9. dxc5
(9. Rd1 ) 9... Bxc5 $146 (9... bxc5 {[%csl Gd4] L'alternative}
10. Rd1 Qb6 (10... d6 {Antoshin,V-Szabo,L Alekhine Memorial 1963 (10) 1/2}) 11.
Bf4 d6 12. Rd2 (12. Rab1 ) 12... Nc6 13. Bxd6 Bxd6 14. Rxd6 Qxb2
$36 {[%csl Rc4];Karpov,A (2730)-Polugaevsky,L (2610) Biel 1990 (5) 1-0}) 10.
Bf4 Nc6 11. Rad1 $32 {Les Noirs ont des difficultés à terminer le
développement et notamment pour trouver une bonne case pour la Q} a6 12. Rd2 (
12. Bd6) 12... Qc8 13. Rfd1 Na5 14. Ne5 Bxg2 15. Kxg2 Be7 16. Nxd7
(16. c5 $142 $1 Qxc5 17. Nxd7 Nxd7 18. Rxd7 Qc6+ 19. Qxc6 Nxc6 20. Bd6 Bxd6 21. R1xd6 $36 (21. R7xd6 Rfc8 22. Na4 Rab8 23. Rc1 $36)) 16...
Nxc4 {Début d'une série d'échange qui va applanir la position} 17. Nxf8 Nxd2
18. Nxh7 Nc4 19. Nxf6+ Bxf6 20. Qb3 Qc6+ 21. f3 Nxb2 22. Rc1 Nc4 23. Ne4 b5 24.
Nxf6+ gxf6 25. Qd3 e5 1/2-1/2

[Event "EU-ch 12th"]
[Site "Aix les Bains"]
[Date "2011.03.23"]
[Round "2"]
[White "Romanov, Evgeny"]
[Black "Djukic, Nikola"]
[Result "1/2-1/2"]
[ECO "E15"]
[WhiteElo "2624"]
[BlackElo "2494"]
[Annotator "Marchand,A/Primel,D"]
[PlyCount "91"]
[EventDate "2011.03.22"]
[EventType "swiss"]
[EventRounds "11"]
[EventCountry "FRA"]
[SourceTitle "CBM 142 Extra"]
[Source "ChessBase"]
[SourceDate "2011.06.27"]
[SourceVersion "1"]
[SourceVersionDate "2011.06.27"]
[SourceQuality "1"]
[TimeControl "40/5400+30:1800+30"]

1. d4 Nf6 2. c4 e6 3. Nf3 b6 4. g3 Ba6 5. Qa4 {Cette vieille idée de Grunfeld
revient un peu à la mode} (5. b3 Bb4+ (5... d5 6. cxd5 (6. Bg2 Bb4+ 7. Bd2 (7.
Nfd2 $6 {Uhlmann,W-Smyslov,V Alekhine Memorial 1956 0-1})) 6... exd5 7. Bg2 Bd6
8. Ne5 O-O (8... Qe7 9. f4 Ne4 {Krasenkow}) 9. Nc3 {Nikolic,P (2585)-Sax,G 
(2600) World Cup Reykjavik 1988 (7) 1/2})) (5. Nbd2 Bb4 (5... c5 6. e4 cxd4 7.
e5 Ng4 8. h3 Nh6 9. Bg2 Nc6 10. O-O Nf5 11. a3 Qc7 12. Re1 Be7 13. b4 Bb7 14.
Ne4 O-O 15. g4 {Goldin,A (2500)-Dautov,R (2515) Riga2 1988 0-1} (15. Bf4 $5 ))) (5. Qc2) 5... Bb7 (5... c6 $143 6. Nc3 b5 {Ce gambit populaire
dans les années 70 a un peu disparu aujourd'hui mais il n'est néanmoins pas
réellement réfuté} 7. cxb5 cxb5 8. Nxb5 Qb6 9. Nc3 Bb4 10. Bg2 O-O (10... Nc6)
11. O-O Bxc3 12. bxc3 Bxe2 $132 {Chadaev,N (2580)-Iordachescu,V (2636) TUR-chT
Konya 2012 (3) 1/2}) 6. Bg2 c5 7. dxc5 Bxc5 (7... bxc5 8. O-O Be7 9. Nc3 O-O 10. Rd1 Qb6 11. Bf4 d6 (11... Rd8 12.
Rab1 h6 13. Qb5 Bc6 (13... d5 $5 14. cxd5 exd5 15. Nh4 Rd7 16. Nf5
Bf8 (16... d4 17. Bxb7 Rxb7 18. Qc4 Bf8 $132 ))) 12. Rd2 (12. Rab1 ) 12... Nc6 13. Bxd6 Bxd6 14.
Rxd6 Qxb2 $132) 8. O-O O-O 9. Nc3 Be7 10. Rd1 Na6 {
[%cal Ga6c5] Le N va regagner sur la Q, le temps perdu par Bc5e7} 11. Be3 Qc8 12. Rac1 Nc5 13. Qc2 Nce4 14. Bd4 Nxc3 (14... Rd8 15. Qd3 Nxc3 16. Qxc3 Qc7 17. b3 Rac8
18. Qb2 Be4 19. Ne1 Bxg2 20. Nxg2 Qb7 21. Ne3 h5 22. a4 Ne8 23. Rd3 Bf6 24.
Rcd1 a6 25. Qd2 Be7 26. a5 bxa5 27. Qxa5 Nf6 28. Bxf6 Bxf6 29. Qxh5 {Karpov,A 
(2755)-Ehlvest,J (2620)/ Skelleftea 1989/CBM 014/1-0 (52)}) 15. Qxc3 Be4 (15... Qc7 $11) 16. Bf1 $146 (16. Ng5 Bxg2 17. Qd3 Ne4 18. Nxe4 Bh3 19. Be5 Qc6 20. f3 Bc5+ 21. Nxc5
Qxc5+ 22. Qd4 Qxd4+ 23. Rxd4 f6 24. Bd6 Rfc8 25. g4 h5 26. Kf2 hxg4 27. fxg4 f5
28. gxf5 Bxf5 29. Rg1 Re8 30. Rh4 e5 {Sturua,Z (2580)-Gershon,A (2540)/Linares
2001/CBM 081/1-0 (64)}) (16. Bh3 $5 ) 16... d6 17. Qe3 (17. Nd2 Bb7 (17... Bc6 )) (17. Bh3 $5 {[%cal Gh3c8]
Aurait gagné un tempo sur la partie en évitant de jouer ensuite Bf1 avant de
chasser le Be4 par Nd2} Qb7 18. Qe3 Rac8 19. b4 Rfe8 20. Nd2 )
17... Qb7 $132 18. b4 Rac8 {Les pièces Noires sont maintenant
bien coordonnées} (18... e5 19. Bb2 a5 20. a3 Ng4 21. Qb3 axb4 22. axb4 $11)
19. Nd2 Ra8 {[%emt 0:00:45] Une nouvelle erreur
d'enregistrement des plateaux DGT et bien évidemment ce coup débile Ra8 n'a
pas été joué. Il y a en fait 02 coups de trop dans le pgn par rapport а la
feuille de partie et les Noirs ont joué directement 19. Bf5. La suite de la
partie est correctement sauvegardé.} (19... Bf5 20. Bg2 Qd7) 20. Nf3 Rac8 21.
Nd2 Bf5 22. Bg2 Qd7 23. Qb3 e5 24. Be3 Bh3
25. Bg5 Bxg2 26. Kxg2 d5 27. Bxf6 dxc4 28. Nxc4 Qc6+ 29. f3 Qxf6 30. Ne3 Rxc1 31. Rxc1 Qh6 32. Rc4 (32. Rc7 $14) 32... Qe6 33. Qc2 Bg5 34. Rc6 Qd7
35. Nf5 g6 36. h4 Qxf5 37. Qxf5 gxf5 38. hxg5 Rd8 39. Kf2 Rd2 40. a3 Ra2 41.
Rc3 f4 42. gxf4 exf4 43. Rc4 Rxa3 44. Rxf4 Kg7 45. Rd4 h6 46. gxh6+ {La partie
n'a duré que 44 coups après l'erreur d'enregistrement du 19ème coup} 1/2-1/2

[Event "Nalchik FIDE GP (Women)"]
[Site "Nalchik"]
[Date "2010.04.29"]
[Round "4"]
[White "Zhao, Xue"]
[Black "Mkrtchian, Lilit"]
[Result "0-1"]
[ECO "E15"]
[WhiteElo "2490"]
[BlackElo "2503"]
[Annotator "Mikhalchishin,A"]
[PlyCount "62"]
[EventDate "2010.04.26"]
[EventType "tourn"]
[EventRounds "11"]
[EventCountry "RUS"]
[EventCategory "10"]
[SourceTitle "CBM 136"]
[Source "ChessBase"]
[SourceDate "2010.05.18"]
[SourceVersion "1"]
[SourceVersionDate "2010.05.18"]
[SourceQuality "1"]
[TimeControl "5400"]

1. d4 Nf6 2. c4 e6 3. Nf3 b6 4. g3 Ba6 5. b3 b5 6. cxb5 Bxb5 7. Bg2 ({Another
option is to avoid the sharp line} 7. Nc3 Bc6 8. Bg2 Bb4 9. Bd2 Qe7 10. O-O O-O
11. Qc2 a5 12. Rfe1 Bxf3 13. Bxf3 d5 14. Na4 Bd6 15. Bf4 Nbd7 16. Bxd6 cxd6 17.
Rac1 Rfb8 18. Qc6 Qf8 19. e3 Rc8 20. Qb5 Qd8 21. Qd3 h5 22. h4 g6 {with good
chances to equalise, Grabarczyk,M-Beliavsky,A ,Warsaw 2002}) 7... Bb4+ ({
Here the great GURU of this line IGM Aleksandr Beliavsky tried successfully
other ideas} 7... d5 8. O-O Nbd7 9. Nc3 $146 (9. Ba3 {- 69/(469)}) 9... Ba6 10.
Ne5 ({The other option is not so strong:} 10. Re1 Bb4 11. Bd2 O-O 12. a3 Be7
13. b4 Bb7 14. Qc2 a5 15. Na4 axb4 16. Bxb4 Ra7 17. Nb2 Bd6 18. Nd3 Qa8 19.
Rab1 Bc6 20. Nfe5 Ba4 21. Qd2 Rc8 22. Rec1 Bxb4 23. axb4 Bb5 24. Bf3 Ne4 25.
Qf4 Nxe5 26. Nxe5 Nd6 27. Qd2 Qb7 28. Qc3 Ra6 {Abramovic,B-Beliavsky,A,Nova
Gorica 2000. with very serious counterplay.}) 10... Bd6 11. Nc6 Qc8 12. a3 $1
O-O (12... Qb7 13. Na5 Qb6 14. b4 $16) 13. Bg5 Qe8 14. Qd2 Nb6 (14... h6 $5 15.
Bf4 Nh5 $5) 15. Na5 c5 16. dxc5 Bxc5 17. Bxf6 gxf6 18. Rfc1 (18. Rfe1 $5) 18...
Rc8 19. e4 $6 ({A better chance to keep the opening initiative was} 19. b4 Be7
20. e4 Nc4 21. Nxc4 dxc4 22. Qh6 Kh8 (22... Qd7 23. Nd5 exd5 24. Bh3 $16) 23.
Rd1 (23. e5 fxe5 24. Be4 f5 25. Qxe6 Rf6 26. Qxe5 fxe4 27. Nd5 Qf7 28. Qxe7
Qxe7 29. Nxe7 Rd8 30. Rd1 Rd3 $36) 23... Rg8 (23... Rc7 24. e5 fxe5 25. Be4 f5
26. Qxe6 Rf6 27. Qxe5 $16 {צc7}) 24. e5 fxe5 25. Qe3 $16) 19... d4 20. Nd1 d3
21. e5 Bd4 22. Rxc8 Qxc8 23. Rc1 Qd7 24. Bc6 (24. Nc6 Rc8 $1) 24... Qe7 {
Beliavsky,A-Topalov,V ,Madrid 1997. with unclear play.}) (7... c5 8. O-O ({
A very interesting move which seriously needs to be tried out is} 8. dxc5 Bxc5
9. Nd4 Bxd4 10. Qxd4 Bc6 11. e4 Qb6 12. Bb2 $6 ({White is better after
correctly placing the bishop} 12. Be3 $1 Nxe4 $140 13. Qxg7) 12... Nxe4 (12...
Qxd4 13. Bxd4 Nxe4 14. Bxg7 Rg8 15. Bb2 $14) 13. Qxb6 axb6 14. Bxg7 Rg8 15. Bb2
Nc5 16. O-O Bxg2 17. Kxg2 Nc6 18. Nd2 Rg5 19. Nc4 Ra6 20. Rfd1 Ke7 21. Bc1 Rd5
$15 {Beliavsky,A-Novikov,I/Lviv 1984.}) 8... Bc6 9. Ba3 Na6 10. Nbd2 Be7 (10...
Rc8) 11. Rc1 (11. dxc5) 11... cxd4 12. Bxe7 Qxe7 13. Nc4 O-O 14. Qxd4 Bxf3 15.
Bxf3 d5 16. Ne5 $14 {Smyslov,V-Beliavsky,A/Tilburg 1984}) 8. Bd2 a5 9. Bxb4 (9.
O-O {It is possible to try to obtain a positional advantage with another idea}
O-O 10. a3 Bxd2 (10... Be7) 11. Nfxd2 $1 $146 (11. Qxd2 d6 12. Nc3 Ba6 13. b4
axb4 14. axb4 Bb7 $11) 11... Nd5 (11... Bc6 $142 12. e4 d5 13. e5 Nfd7 14. Nc3
Bb7 15. b4 $14) 12. Bxd5 $1 exd5 13. Nc3 Bc6 14. b4 Bb7 15. Nb3 axb4 16. axb4
d6 17. Na5 Qc8 18. Qb3 $16 {Beliavsky,A -Torre,E ,Yerevan (ol) 1996}) 9... axb4
10. Qd2 {Going for the pawn!} Qe7 ({Another way of sacrificing the pawn
promises less:} 10... Nd5 11. e4 Nb6 12. Qxb4 Ba6 13. Nbd2 Nc6 14. Qc5 Ne7 15.
Bf1 Bb7 16. Bg2 Ba6 17. Bf1 Bb7 18. Bd3 O-O 19. O-O f5 20. Qc2 fxe4 21. Bxe4
Bxe4 22. Qxe4 {L'Ami,E -Timman,J ,Amsterdam , 2006. does not promise full
compensation to Black.}) (10... Na6 11. Qg5 c5 12. Qxg7 Rg8 13. Qh6 $16) (10...
c5 11. dxc5 Nc6 12. Nd4 Nxd4 13. Qxd4 Rb8 14. a4 $16) 11. Qg5 d5 ({Another way
to obtain compensation is the direct counterplay in the centre:} 11... c5 12.
Qxg7 Rg8 13. Qh6 c4 (13... Nc6 {is no worse:} 14. dxc5 $1 Qxc5 15. O-O Ng4 (
15... Rg6 16. Qd2 Ne4 17. Qb2 {/\ a4+/-}) ({but much stronger is} 15... Ke7 16.
Nbd2 Qb6 17. Nc4 Bxc4 18. bxc4 Ra3 19. e3 Rg6 20. Qh3 Qa6 21. Rab1 Qxc4 22. Nd2
Qc2 23. Bxc6 Qxd2 24. Rfd1 Qc3 25. Rbc1 Qb2 26. Rb1 Qxa2 27. Qh4 Qxb1 28. Rxb1
Rg4 29. Qh3 dxc6 30. Qf1 Nd5 31. Qd1 Rc4 {Vernay,C -Postny,E/Mulhouse 2010.
with serious compensation for the queen.}) 16. Qd2 Nge5 17. a4 $1 bxa3 (17...
Ba6 18. Ra2 $16) 18. b4 Nxf3+ 19. Bxf3 Qe7 20. Nxa3 $16) 14. bxc4 Bxc4 15. Qd2
Bd5 16. Qb2 Nc6 17. O-O Kf8 18. Nbd2 Ne4 (18... Kg7 19. Rfe1 Ne4 20. Nxe4 Bxe4
21. d5+ $18) 19. Nxe4 Bxe4 20. Rfc1 {Ilincic,Z -Knezevic,B,Jugoslavija (ch)
1998. and White has a better position.}) (11... Bc6 12. Qxg7 Rg8 13. Qh6 Bd5
14. Nbd2 $16) 12. Qxg7 Rg8 13. Qh6 c5 ({Another idea should be checked out in
praxis:} 13... Nbd7 $5 $146 14. Qc1 c5 15. Qb2 Ne4 16. O-O Qf6 17. a4 Ba6 18.
Ra2 Rc8 19. Rc1 Ke7 20. dxc5 Ndxc5 21. Qd4 $14 {Avrukh,B-Jenni,F ,Hersonissos
2007}) 14. Qd2 ({The exchange in the centre was not logical:} 14. dxc5 Qxc5 15.
O-O Ke7 16. Rc1 Qxf2+ 17. Kxf2 Ng4+ 18. Ke1 Nxh6 19. a4 bxa3 20. Nxa3 Bd7 21.
Ne5 Ng4 22. Nxg4 Rxg4 23. Nc2 Rxa1 24. Rxa1 Nc6 25. Kd2 f5 26. Ra8 Rg6 {
Stokke,K-Malakhatko,V ,Gjovik, 2009. Just Black can have slight chances in
this endgame.}) ({, but} 14. a4 {looks to keep an advantage.}) 14... Nc6 15. a4
Ba6 (15... bxa3 16. Rxa3 Rb8 17. O-O {led to a better position for White.}) 16.
Ra2 $6 ({It was better not to allow the c5-pawn to move forward} 16. dxc5 Qxc5
17. Ra2 Ne4 18. Qe3 Qxe3 19. fxe3 Rc8 {with an unclear position, as the white
pawn is not a so important factor in the game.}) 16... c4 17. bxc4 Bxc4 18. Rb2
Rxa4 {Black is certainly better, but one problem - the king in the centre -
does not favour him too much.} 19. O-O Qd6 20. Rc1 Ke7 (20... b3 {allows White
to develop the bad knight.} 21. Nc3 Ra7 {but on other hand stopped all other
pieces.}) 21. Ne5 $1 {A nice opportunity to open up the king.} Nxe5 22. dxe5
Qxe5 23. Rxb4 Rxb4 ({The slightly more active} 23... Ra2 {was possible:} 24.
Rb7+ Nd7 25. Qb4+ Qd6) 24. Qxb4+ Qd6 25. Qd2 ({The endgame has to be equal,
but with a slight black initiative.} 25. Qxd6+ Kxd6 26. e3 Rb8 27. Nd2 Bd3 28.
Rc3 Bf5) 25... Rb8 26. Nc3 Qe5 {Black is slightly more centralised, but the
king in the centre will not allow much activity.} 27. e3 Rb3 28. Qc2 (28. Na4 {
was interesting.}) 28... Qb8 29. e4 (29. Ne4 Nxe4 30. Bxe4 {was the simplest
way to draw.}) 29... Rb2 30. Qa4 Qb6 31. Nd1 $4 ({It was necessary to play a
preliminary check} 31. Qa3+ Kd7 32. Nd1) 31... Ra2 $1 {The queen is trapped in
the most unexpected place.} 0-1

[Event "Candidates Tournament (Women)"]
[Site "Kazan"]
[Date "2019.06.01"]
[Round "2"]
[White "Goryachkina, Aleksandra"]
[Black "Gunina, Valentina"]
[Result "1-0"]
[ECO "E15"]
[WhiteElo "2522"]
[BlackElo "2506"]
[Annotator "Paehtz,E"]
[PlyCount "183"]
[EventDate "2019.05.31"]
[EventType "tourn"]
[EventRounds "14"]
[EventCountry "RUS"]
[EventCategory "12"]
[SourceTitle "CBM 191"]
[Source "ChessBase"]
[SourceDate "2019.08.31"]
[SourceVersion "1"]
[SourceVersionDate "2019.08.31"]
[SourceQuality "1"]
[TimeControl "40/5400+30:1800+30"]

{It seems that especially the Russian
encounters take care of real excitement which to me is hardly a surprise when
my favourite tactical magician Valentina Gunina is involved.} 1. d4 Nf6 2. c4 e6 {[%emt 0:00:09] Valja's
main weapon used to be the Slav defense, which is naturally connected to her
former main coach Malakhov. In the past few years she added the Nimzo and
Queen's Indian to her repertoire which may perhaps explain that her time
management is not as fast as it used to be.} 3. Nf3 b6 4. g3 Ba6 5. Qc2 {[%emt 0:00:
44] is the first moment Valja had to take a serious decision. Her choice
meaning she is ready for an opening knowledge battle where she was likely
aware that her younger compatriot will be much better prepared.} c5 $5 {
[%emt 0:07:39] A very brave choice by the former European Women's Champion.
Checking this move in both players' databases - 0 games!} (5... Bb7 6. Bg2 Be7
{or} (6... Bb4+ {would have probably gotten my preference, taking into regard
that I am not among the brave ones and hate forced lines when being surprised.}
)) 6. d5 exd5 7. cxd5 Bb7 8. Bg2 Nxd5 9. O-O Be7 10. Rd1 Nc6 11.
a3 $5 {[%emt 0:01:24] Going off the main road.} (11. Rxd5 $2 Nb4 $17 {[%mdl 64]
Double Attack}) (11. Qa4 $5 {is the main line which leads after} Nf6 12. Nh4
O-O 13. Nf5 d5 14. Nc3 Nd4 15. Nxd4 {to a quite high drawing statistics.})
11... Nc7 (11... Nf6 $5 12. e4 O-O 13. e5 Ne8 14. Nc3 Nc7 15.
Be3 $36) 12. Nc3 O-O 13. Bf4 {[%emt 0:00:38]
[#]} d6 $146 (13... Ne6 14. e3 Nxf4 15. exf4 $44 (15. gxf4 d6
{seems objectively in favour for Black.})) 14. e3 h6 $6 {
[%emt 0:17:49] This is rather weakening Black's position.} ({We were wondering
during the commentary if our Russian magician might even come up with
something crazy like} 14... g5 $2 {but we both decided that this is slightly
too ambitious for a classical game indeed and will not be working by engines
or even human intuition at all.} 15. Nxg5 Bxg5 16. Bxc6 (16. Rxd6 Qe7 17. Bxc6
$16) 16... Bxc6 17. Rxd6 Qe7 18. Rxc6 $18) 15. h4 $6 {[%emt 0:04:21] A very
human response but with the small drawback that after Black's next move the
capture of the bishop on f4 may not be in accordance with a hanging pawn on h4
and therefore reduces the option of gxf4 eventually. Additionally, it blocks
the square for White's knight on its road via h4 to f5.} (15. Nh4 $1 Bxh4 16.
gxh4 Ne8 (16... Qxh4 $2 17. Bg3 Qd8 (17... Qg5 18. Rxd6 $18) 18. Rxd6 Qe8 19.
Qa4 $16) 17. Nb5 $36) 15... Ne6 {[%emt 0:08:57] [#]} (15... Qc8 {was one
option we considered during the live commentary. Indeed it gives away the
extra material but taking into account that Valja was already pretty low on
time, it would have been a good idea to simplify.} 16. Bxd6 Bxd6 17. Rxd6 Rd8
18. Rad1 Rxd6 19. Rxd6 Ne8 20. Rd1 Nf6 $14) (15... Qd7 $1 {The engine always
knows it better, but that's the move Black should have played in order to keep
equality.} 16. Ne5 Nxe5 17. Bxb7 Rab8 18. Be4 Bf6 $13) 16. Bxd6 $1 Bxd6 (16... Qe8 $5 17. Bxe7 Nxe7 18. Ne4 {with a very
nice advantage for White.}) 17. Ne4 {[%emt 0:00:50] [#]} (17. Nb5 $5 Ncd4 18. Nfxd4 Nxd4 19. exd4 Bxg2 20. Kxg2 Qf6 21. Nxd6 Qxd6 22. dxc5
Qc6+ 23. Kg1 bxc5 $14 {but Black should hold.}) 17... Ncd4 $1 18. exd4 Bxe4 (18... Nxd4 $5 19. Nxd4 cxd4
20. Rxd4 Bxe4 21. Bxe4 Qf6 $1 22. Rd2 Rac8 $11) 19. Qxe4 Qf6 20. dxc5 Nxc5 21. Qd4 Nb3 {[%emt 0:04:34] Practically speaking, probably the best
choice in this position.} (21... Be7 $5 22. b4 Ne6 23. Qe3 $36) 22. Qxf6 ({Worse is} 22. Qxd6 Qxd6 23. Rxd6 Nxa1 $17) 22... gxf6 23. Rab1 Rad8 24. Nh2 (24. Rd3 $5 Nc5 25. Rd5 $14 Bc7 26. Nd4 Rxd5 27.
Bxd5 Rd8 28. Nf5 $14) 24... Bc5 25. Ng4 Kg7 26. Bd5 Nd4 27. Ne3 b5 28. Kg2 Rfe8 29.
Rd3 Re5 30. Ba2 Nc6 31. Rxd8 Nxd8 32. Rd1 Ne6 33. Bxe6 $6 {[%emt 0:05:05] Well, in time
trouble this move is without any risk but eventually spoils the chance for any
advantage at all. Black improves his pawn structure and could anytime aim for
a rook ending without any risk. Indeed Black "could", but did not and had to
pay.} ({Better is} 33. Rd7 $1 Bxe3 34. fxe3 Rxe3 35. Kf2 Re5 36. Rxa7 $14)
33... fxe6 34. Rd7+ Kg6 35.
Kf3 h5 $4 {[%emt 0:00:49] We were pretty puzzled and until
now it doesn't seem clear what was going on in Gunina's mind. Was she still
hoping for a chance to play for a win? Or did she underestimate the fact that
this knight could cause any danger at all? Eventually, it is this very
particular piece to decide the fate of the game.} (35... Bxe3 $1 $11 36. fxe3
a5 37. b4 a4 $11) 36. Ng2 $1 Kh6 37. Nf4 a5 38. Nd3 Rf5+ 39. Ke2 Bf8 $1 $11 {[%emt 0:00:44] The best defending
resource for Black. As passive as the bishop back there may look like, it is
the best square not to be hunted down or putting other pieces or pawns at risk.
} 40. Ke3 {[%emt 0:00:00] A move to pass the time control, however, it might
have been wise to fix the pawn structure on the queenside instead.} (40. b4 $5
$16) 40... Bc5+ $1 41. Ke2 a4 $1 {[%emt 0:12:
07] And b2/a3 will potentially be targets a life time.} 42. f3 Bf8 (42... Bb6) 43. Ke3 Kg6 (43... Bc5+ $5 $14) 44. Ke4 (44. Nf4+ $5 Kh6 45. Kd2 Re5 46.
Rf7 Bg7 47. Rb7 $16) 44... Kh6 45. Ke3 Kg6 46. Ke2 Kh6 47. g4 $1 $16 {
[%emt 0:02:42] [#]} hxg4 (47... Rd5 48. Rf7) 48. fxg4 Rd5 49. Rf7 (49. Rxd5 $5 {
will not be enough:} exd5 50. Ke3 (50. Nf4 Bd6 51. Nxd5 Be5 52. Nc3 b4 53. Nxa4
bxa3 54. bxa3 f5 55. gxf5 Bd6 $11) 50... Bg7 $1 $11 {and Black survives due to
his saving resource of f6-f5.}) 49... Bg7 50. Nf4 Re5+ 51. Kf3 Re1 52.
Rb7 Rf1+ 53. Ke3 Bf8 54. Rxb5 Bd6 55. Rh5+ Kg7 56. Nxe6+ Kg6 (56... Kf7 57. Nd8+ Ke8 58. Rh8+ Kd7 59. Nb7 $18) 57. Nd4 Be5 58. Nf3 (58. Nf5 $1 Bxb2 59. Rh6+
Kf7 60. Rh7+ Ke6 61. Ra7 Bxa3 62. Rxa4 {with practically even better chances
to win than in the game.}) 58... Bxb2 59. Ra5 Bxa3 60. Rxa4 Bc5+ 61. Ke4 Rf2 62. h5+ Kg7 63. Nh4 Kh6 64. Ra5 Re2+ 65. Kf3 Rf2+ 66. Kg3 Rc2 67. Nf5+ Kg5 68. h6 Rc3+ 69. Kg2 {[%emt 0:00:13] [#]}
Kxg4 $4 {[%emt 0:00:12] Taking such a pawn with seconds on the clock is an act
of iron nerves or Hercules strength. I honestly think sometimes it is not bad
to be a chicken. Valja is rather a serial killer with generally speaking the
lowest percentage of draws compared to the rest of the field. Since knowing
this ruthless and courage approach from her a life time, I can assure you that
in her case it usually pays off. My Latin teacher, however, used to say:
"Exceptio probat regulam in casibus non exceptis!"} (69... Kg6 {should save
the game with no risk at all...}) 70. h7 Rc2+ 71. Kf1 Rh2 (71... Rf2+ {does not save Black
from her destiny:} 72. Kg1 $1 Rxf5+ 73. Rxc5 Rxc5 74. h8=Q $18) 72. Nh4 $3 {
[%emt 0:00:45] [#] A move I bet Alexsandra just spotted in this very
particular moment.} Kg3 73. h8=Q Rf2+ 74. Ke1 Bb4+ 75. Kd1 Bxa5 76. Ng6 Bd2 77. Qh4+ Kf3 78. Qxf6+ Kg2 79. Qc6+ Kg1 80. Nh4 Bf4 81. Qg6+ Kh2 82. Qg4 ({Weaker is} 82. Ke1 Bg3 $14) 82... Bg3 83. Nf5 Rf1+ 84. Ke2 Rf2+ 85. Kd3 Rg2 86. Qh5+ Kg1 87. Ne3 Ra2 {[%emt 0:00:
37] [#]} 88. Qg6 $1 Kh2 89. Qh7+ Kg1 {[%emt 0:00:04] [#]} 90. Qg8 $1 Ra3+ 91. Ke2 Kh2 92. Kf3 {[%emt 0:00:25] After
Alexsandra missed her very good chance in her previous game, she eventually
got rewarded this time.} 1-0